 Dungeon Crawl Stone Soup version 0.27.0-1-g7a08968 (webtiles) character file.

Game seed: 15505899936180694187

261 NeededCrab the Poker (level 6, -1/48 HPs)
             Began as a Merfolk Gladiator on Oct 14, 2021.
             Succumbed to a scorpion's poison
             ... on level 4 of the Dungeon.
             The game lasted 00:07:15 (2975 turns).

NeededCrab the Poker (Merfolk Gladiator)            Turns: 2975, Time: 00:07:15

Health: -1/48      AC:  9    Str: 16    XL:     6   Next: 18%
Magic:  6/6        EV: 15    Int:  7    God:
Gold:   203        SH:  0    Dex: 16    Spells: 5/5 levels left

rFire    x . .     SeeInvis .   a - +0 trident
rCold    + . .     Faith    .   (no shield)
rNeg     . . .     Spirit   .   m - +0 scale mail
rPois    .         Reflect  .   c - +0 helmet
rElec    .         Harm     .   k - +0 cloak
rCorr    .         Rampage  .   (no gloves)
Will     .....                  n - +0 pair of boots
Stlth    ..........             (no amulet)
HPRegen  0.16/turn              g - +4 ring of evasion
MPRegen  0.10/turn              b - ring of ice

@: lethally poisoned (-1 -> -18)
A: (nimble swimmer 2), mertail
a: no special abilities


You were on level 4 of the Dungeon.
You visited 1 branch of the dungeon, and saw 4 of its levels.
You also visited: Sewer.

You collected 203 gold pieces.

Inventory:

Hand Weapons
 a - a +0 trident (weapon)
Missiles
 d - 3 throwing nets (quivered)
Armour
 c - a +0 helmet (worn)
 k - a +0 cloak (worn)
 m - a +0 scale mail (worn)
 n - a +0 pair of boots (worn)
Jewellery
 b - a ring of ice (right hand)
 g - a +4 ring of evasion (left hand)
 s - a ring of positive energy
Scrolls
 h - 2 scrolls of holy word {unknown}
 i - 3 scrolls of identify {unknown}
 j - 2 scrolls of immolation {unknown}
 l - 2 scrolls of blinking {unknown}
 o - 3 scrolls of enchant armour {unknown}
 q - a scroll of fear {unknown}
 r - a scroll of fog {unknown}
Potions
 e - a potion of heal wounds {unknown}
 f - a potion of magic
 p - 2 potions of brilliance {unknown}
 t - a potion of haste


   Skills:
 + Level 3.7 Fighting
 * Level 7.1 Polearms
 - Level 2.0 Throwing
 + Level 1.3 Armour
 + Level 5.4 Dodging


You had 5 spell levels left.
You didn't know any spells.
Your spell library contained the following spells:

 Spells                   Type           Power      Damage    Failure   Level
 Ensorcelled Hibernation  Hex/Ice        0%         N/A       95%         2
 Slow                     Hex            0%         N/A       95%         2
 Confusing Touch          Hex            0%         N/A       99%         3
 Conjure Flame            Conj/Fire      0%         6-21      99%         3
 Ignite Poison            Fire/Tmut/Pois 0%         N/A       99%         3
 Spider Form              Tmut/Pois      0%         N/A       99%         3
 Vampiric Draining        Necr           0%         2d6       99%         3
 Animate Armour           Summ/Erth      0%         N/A       100%        4
 Sticky Flame             Conj/Fire      0%         2d3       100%        4
 Blade Hands              Tmut           0%         N/A       100%        5
 Iron Shot                Conj/Erth      0%         9d1       100%        6
 Shadow Creatures         Summ           N/A        N/A       100%        6
 Borgnjor's Revivificati  Necr           0%         N/A       100%        8
 Necromutation            Tmut/Necr      0%         N/A       100%        8
 Death's Door             Necr           0%         N/A       100%        9


Dungeon Overview and Level Annotations

Branches:
Dungeon (4/15)              Sewer (visited)
 Temple: D:4-7

Altars:
Cheibriados
Dithmenos
Makhleb
Trog
Uskayaw
Vehumet
Zin

Shops:
D:2 [

Annotations:
D:4 2 transporters, NeuroWinter's ghost, amateur HOMo


Innate Abilities, Weirdness & Mutations

((You are quick and stealthy near water. (Stealth+, EV+, Speed+++)))
Your lower body shifts to a powerful aquatic tail in water.


Message History

You closely miss the scorpion.
The scorpion is moderately wounded.
You feel sick.
The scorpion stings you but does no damage.
You hit the scorpion but do no damage.
The scorpion is moderately wounded.
You feel sick. The scorpion misses you.
You barely miss the scorpion.
The scorpion is moderately wounded.
You feel sick. The scorpion closely misses you.
You hit the scorpion.
The scorpion is moderately wounded.
You feel sick. The scorpion stings you.
You are more poisoned.
The scorpion poisons you!
You puncture the scorpion!
The scorpion is severely wounded.
You feel sick. The scorpion stings you.
You barely miss the scorpion.
The scorpion is severely wounded.
You feel sick. The scorpion stings you. The scorpion barely misses you.
You hit the scorpion but do no damage.
The scorpion is severely wounded.
You feel sick. The scorpion stings you.
You barely miss the scorpion.
The scorpion is severely wounded.
You feel sick. The scorpion stings you.
* * * LOW HITPOINT WARNING * * *
You closely miss the scorpion.
The scorpion is severely wounded.
You feel sick. The scorpion misses you.
NeuroWinter's ghost ripples.
Your scale mail prevents you from hitting the scorpion.
The scorpion is severely wounded.
You feel sick. The scorpion stings you.
* * * LOW HITPOINT WARNING * * *
You are more poisoned.
The scorpion poisons you!
It was a potion of magic.
Magic courses through your body.
You die...

*......,,*,,,,,,
*#......***>,,,,,
*.......,,,,*,,,,
##.....©.,,,,*,,,,
#..######***,,,,,,
#.##8.)?.,8**,,,,,
#.#......,,,*,,,,,
#s#J#....,*,*,,,,,
##@#Wo#..!*,,*,,,,,
##..#W...©.,,,*,,*,,
#<..#..#...*,,*,,**, ### ###
#...#.#....,*,*,,,*,
##.####.###...#©.....,,,*,,,,,
#........#....##8....,8**,,,,,
##.......#.....######***,,,,,,
#.................©.,,,,,,***
##.#................,,,,,***,


You could see a phantom, a scorpion, NeuroWinter's ghost, an orc and an
endoplasm.

Vanquished Creatures
  Purgy (Sewer)
  2 orc wizards
  5 adders
  4 worms
  3 dart slugs (D:3)
  3 orcs
  11 bats
  3 endoplasms
  A giant cockroach (D:1)
  A goblin (D:2)
  3 hobgoblins
  2 jackals (D:2)
  5 kobolds
  3 quokkas
  2 ball pythons
  7 frilled lizards
  2 rats (D:3)
58 creatures vanquished.

Vanquished Creatures (others)
  A plant (D:1)
  4 toadstools (D:1)
5 creatures vanquished.

Grand Total: 63 creatures vanquished

Notes
Turn   | Place    | Note
-------+----------+-------------------------------------------
     0 | D:1      | NeededCrab the Merfolk Gladiator began the quest for the
                  | Orb.
     0 | D:1      | Reached XP level 1. HP: 16/16 MP: 1/1
    87 | D:1      | Reached XP level 2. HP: 8/23 MP: 2/2
   394 | D:1      | Reached skill level 5 in Polearms
  1065 | D:2      | Found Nuezulan's Antique Armour Shoppe.
  1229 | D:2      | Reached XP level 3. HP: 28/28 MP: 3/3
  1542 | D:2      | Reached XP level 4. HP: 34/34 MP: 4/4
  1762 | D:3      | Found a shadowy altar of Dithmenos.
  1763 | D:3      | Found a snail-covered altar of Cheibriados.
  1764 | D:3      | Found a radiant altar of Vehumet.
  1766 | D:3      | Found a glowing silver altar of Zin.
  1766 | D:3      | Found a hide-covered altar of Uskayaw.
  1767 | D:3      | Found a bloodstained altar of Trog.
  1805 | D:3      | Found a faded altar of an unknown god.
  1948 | D:3      | Found a burning altar of Makhleb.
  1965 | D:3      | Reached skill level 6 in Polearms
  2306 | D:3      | Reached skill level 5 in Dodging
  2306 | D:3      | Reached XP level 5. HP: 32/41 MP: 5/5
  2390 | D:4      | Found a transporter.
  2399 | D:4      | Reached skill level 1 in Armour
  2511 | D:4      | Found a transporter.
  2570 | D:4      | Found a glowing drain.
  2588 | Sewer    | Entered a sewer
  2655 | Sewer    | Noticed Purgy
  2673 | Sewer    | Killed Purgy
  2674 | Sewer    | Reached skill level 7 in Polearms
  2674 | Sewer    | Reached XP level 6. HP: 22/48 MP: 6/6
  2945 | D:4      | Noticed NeuroWinter's ghost (amateur HOMo)
  2975 | D:4      | Succumbed to a scorpion's poison

Illustrated notes

Levels and vault maps discovered:
D:1:      ldierk_walled_garden_2, layout_basic
D:2:      layout_loops_ring, serial_shops, shop
D:3:      layout_rooms, mainiacjoe_overflow_concentric_impassable,
          grunt_temple_overflow_open, hellmonk_ecumenical_altar_arch_garden
D:4:      layout_cave_pools, xom_teletrap_fun, cheibrodos_sewer_entry_bend,
          gammafunk_ghost_arena

Skill      XL: |  1  2  3  4  5 |
---------------+----------------+-----
Polearms       | 5 6 7 |  7.1
Fighting       | 3 |  3.7
Dodging        | 5 |  5.4
Armour         | 1 |  1.3
Throwing       | |  2.0

Action                   |  1- 3 |  4- 6 || total
-------------------------+-------+-------++-------
Melee: Trident           |    98 |   165 ||   263
       Tailslap          |       |     3 ||     3
  Use: Scroll            |       |     1 ||     1
       Potion            |       |     1 ||     1
 Stab: Sleeping          |     3 |       ||     3
Armor: Leather armour    |    12 |       ||    12
       Scale mail        |    13 |    56 ||    69
Dodge: Dodged            |    69 |   135 ||   204
